 Dungeon Crawl Stone Soup version 0.22-a0-422-g9628fc8 (webtiles) character file.

96964 Jynxie the Executioner (level 16, -5/155 HPs)
             Began as a Hill Orc Fighter on May 22, 2018.
             Was a Believer of Beogh.
             Slain by a swamp worm (6 damage)
             ... on level 2 of the Swamp.
             The game lasted 02:25:09 (29676 turns).

Jynxie the Executioner (Hill Orc Fighter)          Turns: 29676, Time: 02:25:09

Health: -5/155     AC: 30    Str: 33    XL:     16   Next: 18%
Magic:  18/18      EV:  8    Int: 12    God:    Beogh [**....]
Gold:   1173       SH:  0    Dex: 21    Spells: 13/15 levels left

rFire    . . .     SeeInvis +   D - +3 battleaxe (flame)
rCold    + + +     Gourm    .   (shield currently unavailable)
rNeg     . . .     Faith    .   V - +3 plate armour {rPois}
rPois    +         Spirit   .   S - +1 helmet of Going Fast {*Contam rC++ Dex+4}
rElec    +         Reflect  .   Y - +2 cloak
rCorr    .         Harm     +   k - +2 pair of gloves
MR       ++...                  C - +0 pair of boots
Stlth    ..........             b - amulet "Gaseggod" {Harm *Drain *Slow +Inv Str+7}
HPRegen  0.35/turn              G - ring "Ziwkisy" {*Slow +Fly rElec rC++ SInv}
MPRegen  0.16/turn              M - ring "Izuenkaesmi" {MR+ Str+3 Int+4 Dex+4 SInv}

@: studying Translocations, very slow
A: no striking features
a: Smiting, Renounce Religion, Evoke Invisibility, Evoke Flight


You were on level 2 of the Swamp.
You worshipped Beogh.
Beogh was pleased with you.
You were not hungry.

You visited 4 branches of the dungeon, and saw 25 of its levels.
You also visited: Labyrinth, Trove, Sewer, Bailey and Ice Cave.

You collected 2958 gold pieces.
You spent 1785 gold pieces at shops.

Inventory:

Hand Weapons
 h - a +2 battleaxe of electrocution
   (You found it in a treasure trove)
 p - the +10 hand axe "Hodik" {protect, rElec}
   (You found it on level 1 of the Swamp)

   It protects the one who uses it against injury (+AC on strike).
   It insulates you from electricity.
 D - a +3 battleaxe of flaming (weapon)
   (You took it off an orc warrior on level 8 of the Dungeon)
 P - a +4 executioner's axe of venom
   (You found it in an ice cave)
Armour
 k - a +2 pair of gloves (worn)
   (You bought it in a shop on level 9 of the Dungeon)
 m - a +3 chain mail of cold resistance
   (You bought it in a shop on level 9 of the Dungeon)
 u - a scarf of cloud immunity
   (You bought it in a shop on level 2 of the Orcish Mines)
 C - a +0 pair of boots (worn)
   (You found it on level 13 of the Dungeon)
 J - the +0 cloak of Evolution {rF- Regen+ rCorr Int+2}
   (You found it in a treasure trove)

   It affects your intelligence (+2).
   It makes you vulnerable to fire.
   It increases your rate of regeneration.
   It protects you from acid and corrosion.
 L - the +1 plate armour "Sigroa" {+Blink Str+4 Int+4}
   (You found it on level 3 of the Lair of Beasts)

   It affects your strength (+4).
   It affects your intelligence (+4).
   It lets you blink.
 O - a +2 helmet of see invisible
   (You found it in an ice cave)
 S - the +1 helmet of Going Fast (worn) {*Contam rC++ Dex+4}
   (You found it on level 6 of the Lair of Beasts)

   It affects your dexterity (+4).
   It greatly protects you from cold.
   It causes magical contamination when unequipped.
 V - a +3 plate armour of poison resistance (worn)
   (You took it off an orc warrior on level 2 of the Orcish Mines)
 Y - a +2 cloak (worn)
   (You bought it in a shop on level 13 of the Dungeon)
Jewellery
 b - the amulet "Gaseggod" (around neck) {Harm *Drain *Slow +Inv Str+7}
   (You found it in a treasure trove)

   [amulet of harm]

   It increases damage dealt and taken.
   It affects your strength (+7).
   It lets you turn invisible.
   It causes draining when unequipped.
   It may slow you when you take damage.
 G - the ring "Ziwkisy" (left hand) {*Slow +Fly rElec rC++ SInv}
   (You acquired it on level 2 of the Lair of Beasts)

   [ring of see invisible]

   It greatly protects you from cold.
   It insulates you from electricity.
   It lets you see invisible.
   It lets you fly.
   It may slow you when you take damage.
 M - the ring "Izuenkaesmi" (right hand) {MR+ Str+3 Int+4 Dex+4 SInv}
   (You found it in an ice cave)

   [ring of strength]

   It affects your strength (+3).
   It affects your intelligence (+4).
   It affects your dexterity (+4).
   It affects your resistance to hostile enchantments.
   It lets you see invisible.
 U - the amulet "Buoben" {Reflect rF- Slay+5 SH+4 Stlth+}
   (You found it in a treasure trove)

   [amulet of reflection]

   It shields you and reflects attacks.
   It affects your accuracy and damage with ranged weapons and melee attacks
   (+5).
   It makes you vulnerable to fire.
   It affects your SH (+4).
   It makes you more stealthy.
 W - the ring "Yreiv" {rPois rN+ Int+5 Dex-5}
   (You found it in a treasure trove)

   [ring of intelligence]

   It affects your intelligence (+5).
   It affects your dexterity (-5).
   It protects you from poison.
   It protects you from negative energy.
Wands
 c - a wand of disintegration (17) {!d}
   (You found it on level 8 of the Dungeon)
 d - a wand of iceblast (7)
   (You found it on level 14 of the Dungeon)
 t - a wand of flame (44)
   (You took it off Ijyb on level 3 of the Dungeon)
 v - a wand of digging (30)
   (You found it on level 3 of the Lair of Beasts)
 x - a wand of acid (34)
   (You found it on level 3 of the Dungeon)
 y - a wand of enslavement (45)
   (You found it on level 7 of the Dungeon)
 B - a wand of polymorph (13)
   (You found it on level 1 of the Lair of Beasts)
 H - a wand of scattershot (4)
   (You found it on level 3 of the Lair of Beasts)
Scrolls
 a - 8 scrolls of identify {@r1}
 i - 5 scrolls of fog
 n - 5 scrolls of remove curse {@r2}
 q - 2 scrolls of immolation {!r}
 s - 11 scrolls of teleportation {@r4}
 w - a scroll of enchant weapon
 I - a scroll of fear
 R - 2 scrolls of summoning
Potions
 j - 4 potions of flight
 l - 4 potions of brilliance
 o - a potion of berserk rage
 r - 3 potions of haste {@q3}
 T - a potion of ambrosia
Books
 g - a manual of Translocations {!d}
   (You acquired it on level 2 of the Orcish Mines)
Miscellaneous
 f - 2 boxes of beasts
 F - a sack of spiders
 K - a crystal ball of energy
   (You found it on level 3 of the Lair of Beasts)
 Q - a lightning rod (4/4) {!a}
   (You found it in an ice cave)
Comestibles
 e - 28 rations {!d}
 z - 4 chunks of flesh


   Skills:
 + Level 17.3 Fighting
 * Level 22.1 Axes
 + Level 13.5 Armour
   Level 7.9 Shields
 + Level 6.4 Translocations
 + Level 3.5 Evocations


You had 13 spell levels left.
You knew the following spells:

 Your Spells              Type           Power        Failure   Level  Hunger
b - Blink                 Tloc           N/A          19%         2    ###....

Your spell library contained the following spells:

 Spells                   Type           Power        Failure   Level  Hunger
 Apportation              Tloc           ###...       12%         1    ##.....
 Lightning Bolt           Conj/Air       #.........   100%        5    ######.
 Teleport Other           Tloc           ###.....     34%         3    ####...
 Summon Small Mammal      Summ           #...         86%         1    ##.....
 Animate Skeleton         Necr           N/A          86%         1    ##.....
 Sublimation of Blood     Necr           #.........   94%         2    ###....
 Corpse Rot               Necr           N/A          94%         2    ###....
 Stone Arrow              Conj/Erth      #.....       99%         3    ####...
 Shock                    Conj/Air       #...         86%         1    ##.....
 Swiftness                Chrm/Air       #.......     94%         2    ###....
 Airstrike                Air            #.........   100%        4    #####..
 Confusing Touch          Hex            #.....       86%         1    ##.....
 Ignite Poison            Fire/Tmut/Pois #.......     99%         3    ####...
 Static Discharge         Conj/Air       #.......     99%         3    ####...
 Alistair's Intoxication  Tmut/Pois      #.......     100%        5    ######.
 Petrify                  Tmut/Erth      #.......     100%        4    #####..
 Passage of Golubria      Tloc           N/A          75%         4    #####..
 Leda's Liquefaction      Hex/Erth       #.........   100%        4    #####..
 Summon Hydra             Summ           #.........   100%        7    #######
 Shroud of Golubria       Chrm/Tloc      #.........   56%         2    ###....
 Summon Forest            Summ/Tloc      #.........   100%        5    ######.
 Hydra Form               Tmut           #.........   100%        6    #######
 Irradiate                Conj/Tmut      #.........   100%        5    ######.
 Gell's Gravitas          Tloc           ###.......   34%         3    ####...
 Lesser Beckoning         Tloc           ###.......   34%         3    ####...


Dungeon Overview and Level Annotations

Branches:
Dungeon (15/15)            Temple (0/1) D:5            Lair (6/6) D:9
  Swamp (2/4) Lair:3        Snake (0/4) Lair:3        Slime (0/5) Lair:6
    Orc (2/2) D:12            Elf (0/3) Orc:2        Vaults (0/5) D:14
 Depths (0/5) D:15

Altars:
Okawaru
Xom
Beogh

Shops:
D:9 (%[   D:13 [   Orc:2 [:*(%}

Annotations:
Lair:2 exclusion: oklob plant


Message History

A bog body comes into view.
The spriggan rider hits you but does no damage.
Blink to where?
You are very lightly contaminated with residual magic.
As you read the scroll of blinking, it crumbles to dust.
The swamp worm throws harpoon shot at you.
The harpoon shot hits you!
* * * LOW HITPOINT WARNING * * *
You are yanked forward by the harpoon shot.
You violently stop moving!
Splash!
You fall into the shallow water.
Moving in this stuff is going to be slow.
The spriggan rider hits you from afar with a spear!
* * * LOW HITPOINT WARNING * * *
Unknown command.
As you read the scroll of teleportation {@r4}, it crumbles to dust.
You feel strangely unstable.
The swamp worm throws harpoon shot at you.
The harpoon shot hits you!
* * * LOW HITPOINT WARNING * * *
You are yanked forward by the harpoon shot.
You violently stop moving!
Splash!
The spriggan rider hits you but does no damage.
The swamp worm throws harpoon shot at you.
The harpoon shot hits you!
* * * LOW HITPOINT WARNING * * *
You are yanked forward by the harpoon shot.
You violently stop moving!
Splash!
The tyrant leech bites you but does no damage.
It was a potion of cancellation.
You feel strangely stable.
Your magical effects are unravelling.
You feel magically purged.
Your magical contamination has completely faded away.
You feel yourself speed up.
The spriggan rider hits you but does no damage. x2
The tyrant leech closely misses you.
Unknown command.
You fail to use your ability.
The spriggan rider hits you but does no damage.
The swamp worm bites you!
* * * LOW HITPOINT WARNING * * *
The tyrant leech barely misses you.
Your unstable footing causes you to fumble your attack.
The spriggan rider hits you but does no damage.
The swamp worm bites you.
You die...

...≈≈≈..≈..♣♣♣♣.≈.♣
♣≈≈♣≈≈♣≈♣♣♣♣≈.>.≈.♣
. ♣♣♣♣......≈≈≈.§♣
♣♣♣.≈≈...≈≈≈≈.♣♣
♣♣..≈≈≈≈..≈≈≈§.≈♣
♣♣.≈≈≈≈≈≈...≈≈≈≈.♣
♣.≈≈≈.....≈≈..≈≈≈♣
♣≈.≈≈.≈≈......≈≈≈♣
♣♣♣.≈≈≈≈≈w@.♣♣♣.≈≈≈♣
♣≈♣♣≈≈≈≈≈≈w.≈♣.≈≈≈♣♣
♣..≈≈≈≈≈≈.i♣♣.≈≈.♣♣
♣♣.≈≈≈≈......†....§♣
..$≈≈≈≈......≈.....♣
..≈≈≈≈>.≈≈≈.♣♣....♣♣
..≈≈≈≈..≈≈.≈♣♣♣♣..≈♣
...≈..≈.≈..§♣ ♣♣♣♣♣
....♣♣♣§....♣


You could see a tyrant leech, a spriggan rider and a swamp worm.

Vanquished Creatures
  An emperor scorpion (D:15)
  A minotaur (Lab)
  The ghost of p0werm0de the Cleaver, a journeyman DDFi of Makhleb (D:10)
  7 hydras
  The ghost of Mgcat the Cleaver, a journeyman HaFi of Ru (D:11)
  A centaur warrior (D:13)
  3 alligators (Swamp:1)
  Erica (D:10)
  4 death yaks (Lair:6)
  5 two-headed ogres
  The ghost of p0werm0de the Cleaver, a novice MiFi of Uskayaw (D:8)
  A shadow wraith (D:15)
  8 skeletal warriors (D:15)
  3 unseen horrors (D:15)
  A shambling mangrove (Swamp:1)
  Pikel (D:5)
  A swamp dragon (Swamp:1)
  2 wizards (D:14)
  An orc knight (Orc:2)
  2 necromancers (D:14)
  A deep elf mage (D:15)
  An orc sorcerer (Orc:2)
  2 cyclopes
  2 wolf spiders (Lair:6)
  18 ugly things
  3 ice statues (IceCv)
  7 black mambas
  3 gargoyles
  2 torpor snails
  14 spiny frogs
  An efreet (D:13)
  2 komodo dragons
  A freezing wraith (D:12)
  3 rime drakes
  3 tyrant leeches
  4 polar bears
  2 trolls
  A bog body (Swamp:2)
  Grinder (D:5)
  6 hornets
  7 blink frogs
  4 dream sheep (Lair:5)
  A meliai zombie (D:15)
  3 slime creatures (Swamp:1)
  8 hippogriffs
  Sigmund (D:5)
  2 shadows
  2 wraiths
  2 spriggans
  A water elemental (D:15)
  3 vampires
  13 wyverns
  4 hogs (D:8)
  A steam dragon (D:9)
  56 yaks
  16 humans
  2 hungry ghosts
  9 swamp worms
  A soldier ant (D:11)
  Edmund (D:4)
  Menkaure (D:6)
  3 wargs
  2 acid dragons
  10 vampire mosquitoes
  An acid dragon (shapeshifter) (D:14)
  2 hell hounds (Lair:4)
  4 porcupines
  16 water moccasins
  4 swamp drakes
  A sky beast (D:7)
  A black bear (Lair:4)
  8 orc warriors
  4 slaves (D:5)
  The ghost of p0werm0de the Shield-Bearer, an amateur DDFi (D:3)
  19 ice beasts
  A phantom (D:7)
  13 wolves
  9 centaurs
  6 ogres
  3 big kobolds
  11 crocodiles
  Blork the orc (D:5)
  21 bullfrogs
  A wyvern zombie (D:15)
  An earth elemental (Lab)
  3 killer bees (D:7)
  8 wights
  5 howler monkeys
  An electric eel (Lair:3)
  8 crimson imps
  3 centaur zombies
  2 hounds
  3 jellies
  A gnoll shaman (D:4)
  4 orc priests
  3 bullfrog skeletons
  4 orc wizards
  Crazy Yiuf (D:6)
  Jessica (D:2)
  7 iguanas
  Ijyb (D:3)
  Terence (D:2)
  7 worker ants
  A killer bee zombie (D:6)
  An ogre skeleton (Lab)
  A hound skeleton (D:10)
  Robin (D:2)
  A worker ant zombie (D:11)
  16 gnolls
  A howler monkey zombie (D:7)
  7 adders
  5 river rats (Sewer)
  2 shadow imps
  An ooze (D:2)
  3 adder skeletons
  An adder zombie (D:8)
  4 worms
  4 leopard geckos
  14 orcs
  5 giant cockroaches
  17 goblins
  8 hobgoblins
  16 jackals
  3 quokkas
  7 ball pythons
  3 bats
  10 frilled lizards
  16 kobolds
  A quokka skeleton (D:4)
  2 quokka zombies (D:7)
  16 rats
  2 fungi (Lair:6)
  7 plants
643 creatures vanquished.

Vanquished Creatures (collateral kills)
  An orc warlord (Orc:2)
  A vault guard (D:14)
  A hydra (D:14)
  2 death yaks (Lair:6)
  An ogre mage (Orc:2)
  2 two-headed ogres (Orc:2)
  A fire crab (shapeshifter) (D:11)
  A wizard (D:14)
  An orc knight (Orc:2)
  A manticore (D:15)
  A wolf spider (shapeshifter) (D:15)
  An orc sorcerer (Orc:2)
  A cyclops (D:12)
  2 black mambas
  A guardian serpent (Lair:6)
  A gargoyle (D:14)
  3 spiny frogs
  A naga mage (D:15)
  2 rime drakes (Lair:2)
  2 komodo dragons
  A troll (Orc:2)
  2 dream sheep (Lair:5)
  2 blink frogs (Lair:2)
  2 hippogriffs
  A wraith (D:9)
  A basilisk (D:14)
  2 wyverns
  5 humans (D:14)
  10 yaks
  3 vampire mosquitoes
  2 wargs (Orc:2)
  3 porcupines
  3 water moccasins
  6 orc warriors
  A tengu (shapeshifter) (D:15)
  6 wolves
  6 crocodiles
  2 centaurs (Bailey)
  4 bullfrogs
  A scorpion (D:14)
  An electric eel (Lair:2)
  2 crimson imps
  3 orc priests
  2 orc wizards
  6 orcs
  A kobold (D:12)
  5 plants
110 creatures vanquished.

Vanquished Creatures (others)
  2 orc sorcerers
  An orc high priest (Orc:2)
  5 orc knights
  10 orc warriors
  7 orc priests
  A hornet (Swamp:1)
  7 orc wizards
  36 orcs
  20 fungi
  35 plants (Lair:6)
124 creatures vanquished.

Grand Total: 877 creatures vanquished

Notes
Turn   | Place    | Note
-------+----------+-------------------------------------------
     0 | D:1      | Jynxie the Hill Orc Fighter began the quest for the Orb.
     0 | D:1      | Reached XP level 1. HP: 19/19 MP: 1/1
   109 | D:1      | Reached skill level 3 in Axes
   263 | D:1      | Reached XP level 2. HP: 27/27 MP: 2/2
   656 | D:2      | Noticed Jessica
   663 | D:2      | Killed Jessica
   663 | D:2      | Reached XP level 3. HP: 17/34 MP: 3/3
   931 | D:2      | Reached skill level 4 in Axes
  1018 | D:2      | Reached XP level 4. HP: 36/41 MP: 4/4
  1128 | D:2      | Noticed Robin
  1159 | D:2      | Killed Robin
  1479 | D:2      | Noticed Terence
  1489 | D:2      | Killed Terence
  1489 | D:2      | Reached skill level 5 in Fighting
  1489 | D:2      | Reached XP level 5. HP: 38/48 MP: 5/5
  2028 | D:3      | Found a shimmering altar of Xom.
  2188 | D:3      | Noticed p0werm0de's ghost (amateur DDFi)
  2206 | D:3      | Killed p0werm0de's ghost
  2206 | D:3      | Reached skill level 5 in Axes
  2206 | D:3      | Reached XP level 6. HP: 15/57 MP: 6/6
  2596 | D:3      | Noticed Ijyb
  2607 | D:3      | Killed Ijyb
  3168 | D:4      | Reached skill level 6 in Axes
  3183 | D:4      | Noticed Edmund
  3272 | D:4      | Reached XP level 7. HP: 64/64 MP: 7/7
  3291 | D:4      | Killed Edmund
  3544 | D:4      | Reached skill level 7 in Axes
  3544 | D:4      | Reached skill level 5 in Shields
  4344 | D:5      | Entered Level 5 of the Dungeon
  4473 | D:5      | Reached XP level 8. HP: 57/73 MP: 8/8
  4501 | D:5      | Became a worshipper of Beogh the Brigand
  4579 | D:5      | Found a staircase to the Ecumenical Temple.
  4608 | D:5      | Noticed Sigmund
  4608 | D:5      | Noticed Grinder
  4630 | D:5      | Killed Sigmund
  4630 | D:5      | Reached skill level 8 in Axes
  4637 | D:5      | Killed Grinder
  4702 | D:5      | Noticed Pikel
  5113 | D:5      | Killed Pikel
  5113 | D:5      | Reached skill level 9 in Axes
  5113 | D:5      | Reached XP level 9. HP: 65/84 MP: 9/9
  5121 | D:5      | Noticed Blork the orc
  5128 | D:5      | Killed Blork the orc
  5320 | D:6      | Reached skill level 10 in Axes
  5380 | D:6      | Found a runed door.
  5446 | D:6      | Noticed Menkaure
  5454 | D:6      | Killed Menkaure
  5474 | D:6      | Found a glowing drain.
  5590 | Sewer    | Entered a sewer
  5680 | Sewer    | Reached * piety under Beogh
  6012 | D:6      | Reached skill level 10 in Fighting
  6558 | D:6      | Noticed Crazy Yiuf
  6563 | D:6      | Killed Crazy Yiuf
  6708 | D:7      | Reached ** piety under Beogh
  6744 | D:7      | Reached skill level 11 in Axes
  7090 | D:7      | Reached XP level 10. HP: 69/94 MP: 10/10
  7525 | D:8      | Noticed p0werm0de's ghost (novice MiFi)
  7549 | D:8      | Killed p0werm0de's ghost
  7549 | D:8      | Reached skill level 12 in Axes
  7895 | D:8      | Reached *** piety under Beogh
  7941 | D:8      | Reached skill level 5 in Armour
  8356 | D:9      | Found Ujus's Weapon Shoppe.
  8747 | D:9      | Found a staircase to the Lair.
  8839 | D:9      | Reached skill level 13 in Axes
  8839 | D:9      | Reached XP level 11. HP: 84/105 MP: 11/11
  8937 | D:9      | Found the +5 scythe "Finisher" {speed, Str+3}
  9172 | D:9      | Found Hoysosm's Armour Boutique.
  9178 | D:9      | Bought a +0 pair of gloves for 63 gold pieces
  9178 | D:9      | Bought a +3 chain mail of cold resistance for 371 gold pieces
  9225 | D:9      | Found Plog's Food Emporium.
  9424 | D:10     | Entered Level 10 of the Dungeon
  9659 | D:10     | Noticed p0werm0de's ghost (journeyman DDFi)
  9673 | D:10     | Killed p0werm0de's ghost
 10036 | D:10     | Noticed Erica
 10060 | D:10     | Killed Erica
 10060 | D:10     | Reached skill level 14 in Axes
 10389 | Lair:1   | Entered Level 1 of the Lair of Beasts
 10579 | Lair:1   | Got a faintly humming robe
 10663 | Lair:1   | Reached **** piety under Beogh
 11382 | Lair:2   | Reached skill level 15 in Axes
 11393 | Lair:2   | Reached XP level 12. HP: 53/115 MP: 12/12
 12009 | Lair:2   | Identified a scroll of acquirement
 12010 | Lair:2   | Got a translucent wooden ring
 12012 | Lair:2   | Identified the ring "Ziwkisy" {*Slow +Fly rElec rC++ SInv} (You acquired it on level 2 of the Lair of Beasts)
 12529 | Lair:3   | Reached skill level 16 in Axes
 12901 | Lair:3   | Found a staircase to the Swamp.
 12931 | Lair:3   | Found a labyrinth entrance.
 12943 | Lab      | Entered a labyrinth
 14266 | Lab      | Noticed a minotaur
 14289 | Lab      | Killed a minotaur
 14291 | Lab      | Got a crude leather armour
 14569 | Lair:3   | Found a staircase to the Snake Pit.
 14580 | Lair:3   | Identified the cursed +1 robe of the Secret Moons {rF- rN+++ MP-9 Stlth+} (You found it on level 1 of the Lair of Beasts)
 14591 | Lair:3   | Identified the +3 leather armour "Kuiplull" {rF+ rC- rCorr} (You found it in a labyrinth)
 15108 | Lair:3   | Got a spiked plate armour
 15121 | Lair:3   | Identified the +1 plate armour "Sigroa" {+Blink Str+4 Int+4} (You found it on level 3 of the Lair of Beasts)
 15526 | Lair:4   | Noticed an eight-headed hydra
 15539 | Lair:4   | Killed a three-headed hydra
 15909 | Lair:4   | Found a frozen archway.
 15914 | Lair:4   | Reached ***** piety under Beogh
 15919 | Lair:4   | Reached skill level 17 in Axes
 15968 | IceCv    | Entered an ice cave
 15991 | IceCv    | Got an ancient silver ring
 16116 | IceCv    | Identified the ring "Izuenkaesmi" {MR+ Str+3 Int+4 Dex+4 SInv} (You found it in an ice cave)
 16135 | IceCv    | Reached XP level 13. HP: 120/125 MP: 13/13
 16853 | Lair:5   | Reached skill level 10 in Armour
 17448 | Lair:5   | Reached skill level 18 in Axes
 17715 | Lair:6   | Entered Level 6 of the Lair of Beasts
 17737 | Lair:6   | Gained Hawl as an ally
 17934 | Lair:6   | Reached skill level 15 in Fighting
 18377 | Lair:6   | Reached skill level 19 in Axes
 18445 | Lair:6   | Reached XP level 14. HP: 124/135 MP: 14/14
 18675 | Lair:6   | Found a staircase to the Slime Pits.
 18765 | Lair:6   | Got a steaming helmet
 18776 | Lair:6   | Identified the +1 helmet of Going Fast {*Contam rC++ Dex+4} (You found it on level 6 of the Lair of Beasts)
 18894 | Lair:5   | Reached ****** piety under Beogh
 19359 | Lair:6   | Your ally Hawl died
 20595 | D:11     | Gained Margrim as an ally
 20596 | D:11     | Gained Olfrun as an ally
 20818 | D:11     | Noticed Mgcat's ghost (journeyman HaFi)
 20828 | D:11     | Killed Mgcat's ghost
 20880 | D:11     | Reached skill level 20 in Axes
 21963 | D:12     | Found a staircase to the Orcish Mines.
 22014 | Orc:1    | Entered Level 1 of the Orcish Mines
 22293 | Orc:2    | Entered Level 2 of the Orcish Mines
 22293 | Orc:2    | Found a staircase to the Elven Halls.
 22299 | Orc:2    | Found Unaor's Food Shoppe.
 22304 | Orc:2    | Gained Hawl as an ally
 22357 | Orc:2    | Noticed an orc warlord
 22365 | Orc:2    | Gained Geork as an ally
 22375 | Orc:2    | Your ally Hawl died
 22377 | Orc:2    | Killed an orc warlord
 22381 | Orc:2    | Your ally Geork died
 22382 | Orc:2    | Your ally Margrim died
 22601 | Orc:2    | Found a roughly hewn altar of Beogh.
 22606 | Orc:2    | Found Eggocos's Antique Weapon Shop.
 22645 | Orc:2    | Found Vymeut's Book Shop.
 22739 | Orc:2    | Found a roughly hewn altar of Beogh.
 22844 | Orc:2    | Found an iron altar of Okawaru.
 22872 | Orc:2    | Found Suzxossa's Gadget Boutique.
 23057 | Orc:2    | Found Yteyd's General Store.
 23072 | Orc:2    | Found Obihunere's Antique Armour Shop.
 23283 | Orc:2    | Bought a book of Spatial Translocations for 845 gold pieces
 23299 | Orc:2    | Bought a runed scarf for 304 gold pieces
 23376 | D:13     | Learned a level 2 spell: Blink
 23497 | D:13     | Found a flagged portal.
 23506 | Bailey   | Entered a bailey
 23718 | Bailey   | Reached skill level 1 in Translocations
 23960 | D:13     | Got a pitted long sword
 24001 | D:13     | Gained Borgoth as an ally
 24044 | D:13     | Found Xuixolud's Antique Armour Shoppe.
 24098 | D:13     | Reached XP level 15. HP: 120/145 MP: 15/15
 24118 | D:13     | Bought a runed cloak for 202 gold pieces
 24267 | D:13     | Gained Margrim as an ally
 24336 | D:13     | Gained Horkud as an ally
 24758 | D:13     | Got a warped scale mail
 24769 | D:13     | Identified the cursed +0 scale mail of the Distant Future {rF+ Stlth+} (You found it on level 13 of the Dungeon)
 25124 | D:14     | Reached skill level 21 in Axes
 25320 | D:14     | Gained Borgun as an ally
 25352 | D:14     | Found a gate to the Vaults.
 25362 | D:14     | Gained Argrim as an ally
 25874 | D:14     | Found a portal to a secret trove of treasure.
 25879 | Trove    | Entered a treasure trove
 25891 | Trove    | Found the +6 Majin-Bo {vamp, Archmagi MP+6 Int+6}
 25893 | Trove    | Found the +2 shield of Resistance {rF+ rC+ MR+}
 26057 | Trove    | Got a brightly glowing cloak
 26068 | Trove    | Identified the +0 cloak of Evolution {rF- Regen+ rCorr Int+2} (You found it in a treasure trove)
 26088 | Trove    | Got a smoking pewter amulet
 26090 | Trove    | Identified the amulet "Buoben" {Reflect rF- Slay+5 SH+4 Stlth+} (You found it in a treasure trove)
 26151 | Trove    | Got a heavily runed graven amulet
 26180 | Trove    | Identified the amulet "Gaseggod" {Harm *Drain *Slow +Inv Str+7} (You found it in a treasure trove)
 26200 | Trove    | Got a serpentine iron ring
 26262 | Trove    | Identified the ring "Yreiv" {rPois rN+ Int+5 Dex-5} (You found it in a treasure trove)
 26381 | D:15     | Entered Level 15 of the Dungeon
 26416 | D:15     | Reached skill level 1 in Evocations
 26462 | D:15     | Reached skill level 5 in Translocations
 27047 | D:15     | Found a staircase to the Depths.
 27051 | D:15     | Noticed an emperor scorpion
 27247 | D:15     | Killed an emperor scorpion
 28385 | Swamp:1  | Entered Level 1 of the Swamp
 28415 | Swamp:1  | Got a jewelled hand axe
 28416 | Swamp:1  | Identified the +10 hand axe "Hodik" {protect, rElec} (You found it on level 1 of the Swamp)
 28522 | Swamp:1  | Reached XP level 16. HP: 112/155 MP: 18/18
 28529 | Swamp:1  | Reached skill level 22 in Axes
 29675 | Swamp:2  | HP: 1/155 [swamp worm (9)]
 29676 | Swamp:2  | Slain by a swamp worm

Vault maps used:
D:1:      dpeg_arrival_central
D:2:      first_ration, minmay_liquid_box, uniq_jessica, uniq_robin,
          uniq_terence
D:3:      nicolae_overflow_hidden_temple, uniq_ijyb
D:4:      uniq_edmund
D:5:      temple_green, uniq_blork_the_orc, uniq_pikel, uniq_sigmund,
          uniq_grinder
D:6:      portal_sewer_entry_a, uniq_crazy_yiuf_cottage, uniq_menkaure
D:8:      grunt_livestock
D:9:      erik_lair_dragon, serial_shops, nicolae_shop_waterfront, shop,
          nicolae_shop_stone, minmay_guarded_unrand_finisher
D:10:     uniq_erica
D:11:     kennysheep_generic_room_15
D:12:     orc_0_dummy, st_stairs_13
D:13:     serial_shops, kennysheep_mini, enter_bailey_3
D:14:     grunt_vaults_entry_tiered, kennysheep_nub, enter_trove_6
D:15:     hangedman_depths_entry_try_elsewhere_first,
          minmay_misc_feat_secret_circle
Lair:1:   minivault_23, eino_small_chamber_without_monster
Lair:2:   beast_lair_carwin_4, minmay_lair_oklob_chamber,
          infiniplex_staircase_pool, grunt_megastairs_5
Lair:3:   nicolae_swamp_entry_splash_gauntlet, dummy_snake_entry,
          lab_entry_generic, beast_lair_carwin_7
Lair:4:   enter_volcano_3, portal_ice_cave_entry_ice_beasts,
          grunt_forest_stairs_clearing
Lair:5:   grunt_megastairs_1
Lair:6:   hangedman_lair_tendril_chambers, dpeg_slime_entry_corner
Swamp:1:  serial_swamp_ruin, evilmike_swamp_ruin_house_1,
          evilmike_swamp_ruin_rubble_2, infiniplex_staircase_pool_2
Swamp:2:  nicolae_swamp_dense_foliage
Orc:1:    mines2_lemuel
Orc:2:    grunt_orc_cross, serial_shops, nicolae_shop_stone, shop, basic_altar,
          okawaru_metal_pillars_3
Lab:      nicolae_lab_checkerboard, nicolae_lab_very_dead_end,
          labyrinth_skeletal_remains
Trove:    trove_dig
Sewer:    sewer_co_cracked_pipes
Bailey:   bailey_polearm_flooded_kennysheep, bailey
IceCv:    ice_cave_statue_garden_chambered

Skill      XL: |  1  2  3  4  5  6  7  8  9 10 11 12 13 14 15 16 |
---------------+-------------------------------------------------+-----
Axes           | 3 4 5 6 7 9 11 13 15 17 19 20 21 22 | 22.1
Fighting       | 4 5 6 7 9 10 12 13 14 15 16 17 | 17.3
Shields        | 4 5 6 7 |  7.9
Armour         | 4 5 8 9 11 12 13 | 13.5
Translocations | 1 5 6 |  6.4
Evocations     | 2 3 |  3.5

Action                   |  1- 3 |  4- 6 |  7- 9 | 10-12 | 13-15 | 16-18 || total
-------------------------+-------+-------+-------+-------+-------+-------++-------
Melee: War axe           |    71 |   173 |   371 |   115 |       |       ||   730
       Battleaxe         |       |       |       |   438 |   659 |    46 ||  1143
       Executioner's axe |       |       |       |       |   145 |    10 ||   155
 Cast: Blink             |       |       |       |       |     1 |       ||     1
Invok: Convert to Beogh  |       |       |     1 |       |       |       ||     1
       Recall Orcish Fol |       |       |       |       |     6 |       ||     6
       Resurrection      |       |       |       |       |     1 |       ||     1
 Abil: Evoke Blink       |       |       |       |       |     1 |       ||     1
       Evoke Invisibilit |       |       |       |       |       |     1 ||     1
Evoke: Wand              |       |       |     4 |     9 |    16 |     3 ||    32
  Use: Potion            |     4 |     3 |     9 |     7 |     8 |     2 ||    33
       Scroll            |     3 |     4 |     7 |    11 |    13 |     2 ||    40
 Stab: Invisible         |       |       |     1 |       |       |     1 ||     2
       Distracted        |       |       |       |     2 |     5 |       ||     7
       Paralysed         |       |       |       |       |     1 |       ||     1
  Eat: Ration            |       |     3 |       |     3 |     8 |     1 ||    15
       Chunk             |       |     1 |     9 |    18 |    16 |       ||    44
Armor: Scale mail        |    26 |    78 |   104 |    36 |       |       ||   244
       Skin              |       |       |     2 |       |       |       ||     2
       Chain mail        |       |       |       |   192 |    24 |       ||   216
       Plate armour      |       |       |       |    86 |   443 |    57 ||   586
Dodge: Dodged            |    16 |    60 |    76 |   218 |   360 |    21 ||   751
Block: Shield            |    35 |   100 |   169 |    63 |       |       ||   367

Table legend:
 A = Spawn XP
 B = Non-spawn XP
 C = Spawn XP percentage of total XP
 D = Spawn monster count
 E = Non-spawn monster count
 F = Spawn count percentage of total count
 G = Total turns spent on level
                    A         B        C        D         E        F      G
               +---------+---------+-------+---------+---------+-------+---------
         Total |       0 |  138521 |   0.0 |       0 |     734 |   0.0 | 29676
               +---------+---------+-------+---------+---------+-------+---------
           D:1 |       0 |      16 |   0.0 |       0 |      10 |   0.0 |   614
           D:2 |       0 |     178 |   0.0 |       0 |      35 |   0.0 |  1182
           D:3 |       0 |     245 |   0.0 |       0 |      19 |   0.0 |  1148
           D:4 |       0 |     695 |   0.0 |       0 |      24 |   0.0 |  1400
           D:5 |       0 |    1534 |   0.0 |       0 |      15 |   0.0 |   971
           D:6 |       0 |     867 |   0.0 |       0 |      26 |   0.0 |   924
           D:7 |       0 |    1403 |   0.0 |       0 |      23 |   0.0 |   832
           D:8 |       0 |    2826 |   0.0 |       0 |      29 |   0.0 |   909
           D:9 |       0 |    2351 |   0.0 |       0 |      19 |   0.0 |  1395
          D:10 |       0 |    2927 |   0.0 |       0 |      15 |   0.0 |   896
          D:11 |       0 |    6250 |   0.0 |       0 |      35 |   0.0 |  1195
          D:12 |       0 |    3446 |   0.0 |       0 |      23 |   0.0 |   684
          D:13 |       0 |    7575 |   0.0 |       0 |      37 |   0.0 |  1397
          D:14 |       0 |   14571 |   0.0 |       0 |      51 |   0.0 |  1047
          D:15 |       0 |   20670 |   0.0 |       0 |      44 |   0.0 |  1426
        Lair:1 |       0 |    2880 |   0.0 |       0 |      16 |   0.0 |  1010
        Lair:2 |       0 |    6880 |   0.0 |       0 |      36 |   0.0 |  1247
        Lair:3 |       0 |    3261 |   0.0 |       0 |      21 |   0.0 |  1504
        Lair:4 |       0 |    3482 |   0.0 |       0 |      19 |   0.0 |  1015
        Lair:5 |       0 |    5754 |   0.0 |       0 |      25 |   0.0 |  1283
        Lair:6 |       0 |   26652 |   0.0 |       0 |      98 |   0.0 |  1834
       Swamp:1 |       0 |    9678 |   0.0 |       0 |      23 |   0.0 |  1060
       Swamp:2 |       0 |    2380 |   0.0 |       0 |       7 |   0.0 |   231
         Orc:1 |       0 |     501 |   0.0 |       0 |       7 |   0.0 |   282
         Orc:2 |       0 |    5659 |   0.0 |       0 |      25 |   0.0 |  1061
           Lab |       0 |    1372 |   0.0 |       0 |       3 |   0.0 |  1618
         Sewer |       0 |      97 |   0.0 |       0 |      23 |   0.0 |   376
        Bailey |       0 |    1336 |   0.0 |       0 |      15 |   0.0 |   325
         IceCv |       0 |    3035 |   0.0 |       0 |      11 |   0.0 |   370
               +---------+---------+-------+---------+---------+-------+---------
